 Dungeon Crawl Stone Soup version 0.18-a0-1-gfac8111 (webtiles) character file.

73247 youngkai the Executioner (level 15, -7/141 HPs)
             Began as a Minotaur Berserker on Oct 31, 2015.
             Was the Champion of Trog.
             Mangled by a sun demon (14 damage)
             ... summoned by an orc sorcerer
             ... while paralysed by an orc sorcerer
             ... on level 4 of the Orcish Mines.
             The game lasted 01:20:56 (20967 turns).

youngkai the Executioner (Minotaur Berserker)      Turns: 20967, Time: 01:20:57

Health: -7/141     AC: 30    Str: 25    XL:     15   Next: 3%
Magic:  4/4        EV:  2    Int: 10    God:    Trog [******]
Gold:   1100       SH:  0    Dex: 13    Spells: 0 memorised, 14 levels left

rFire  . . .     SeeInvis +     E - +2 executioner's axe (antimagic)
rCold  + + +     Clarity  +     F - +5 plate armour "Atitt" {*Contam +Inv rC+ rN+++}
rNeg   + + +     SustAt   .     (no shield)
rPois  .         Gourm    .     l - +0 mask of the Dragon {MR+ Slay+3 SInv}
rElec  .         Spirit   .     V - +1 cloak
rCorr  .         Warding  .     w - +1 pair of gloves
rMut   .         Stasis   .     C - +0 pair of boots "Axkixkoa" {rC++ Dex+2 Slay+3}
MR     ++...                    R - amulet of clarity
Stlth  ..........               S - +4 ring of intelligence
                                G - ring of protection from cold

@: paralysed, very resistant to hostile enchantments, extremely unstealthy
A: retaliatory headbutt, horns 2, regeneration 1, shaggy fur 1
a: Berserk, Trog's Hand, Brothers in Arms, Burn Spellbooks, Renounce Religion,
Evoke Invisibility


You were on level 4 of the Orcish Mines.
You worshipped Trog.
Trog was exalted by your worship.
You were not hungry.

You visited 3 branches of the dungeon, and saw 23 of its levels.
You also visited: Labyrinth and Ice Cave.

You collected 2775 gold pieces.
You spent 1675 gold pieces at shops.

Inventory:

Hand Weapons
 E - a +2 antimagic executioner's axe (weapon)
 L - a +3 battleaxe of draining
Missiles
 O - a throwing net (quivered)
Armour
 l - the +0 mask of the Dragon (worn) {MR+ Slay+3 SInv}
   (You bought it in a shop on level 3 of the Orcish Mines)

   It affects your accuracy and damage with ranged weapons and melee attacks
   (+3).
   It affects your resistance to hostile enchantments.
   It lets you see invisible.
 w - a +1 pair of gloves (worn)
 C - the +0 pair of boots "Axkixkoa" (worn) {rC++ Dex+2 Slay+3}
   (You bought it in a shop on level 6 of the Dungeon)

   It affects your dexterity (+2).
   It affects your accuracy and damage with ranged weapons and melee attacks
   (+3).
   It greatly protects you from cold.
 F - the +5 plate armour "Atitt" (worn) {*Contam +Inv rC+ rN+++}
   (You found it on level 5 of the Dungeon)

   It protects you from cold.
   It renders you almost immune to negative energy.
   It lets you turn invisible.
   It causes magical contamination when unequipped.
 V - a +1 cloak (worn)
Rods
 h - a +4 rod of clouds (9/9)
   (You took it off a minotaur in a labyrinth)
 k - a +7 rod of inaccuracy (12/12)
   (You found it in a labyrinth)
 u - a +2 rod of shadows (14/14)
   (You found it in a labyrinth)
Jewellery
 G - a ring of protection from cold (left hand)
 N - an uncursed amulet of resist mutation
 R - an amulet of clarity (around neck)
 S - a +4 ring of intelligence (right hand)
 T - an uncursed ring of poison resistance
Wands
 b - a wand of enslavement (21)
 q - a wand of fireball (8)
 s - a wand of digging (10)
 D - a wand of lightning (7)
Scrolls
 a - a scroll of summoning
 d - 7 scrolls of teleportation
 e - 8 scrolls of fog
 f - 12 scrolls of remove curse
 g - 3 scrolls of enchant weapon
 j - 4 scrolls of fear
 m - a scroll of holy word
 r - 5 scrolls of magic mapping
 y - 5 scrolls of recharging
 I - 11 scrolls of identify
 J - 2 scrolls of blinking
 M - a scroll of silence {unknown}
 P - a scroll of brand weapon
 U - 2 scrolls of enchant armour
Potions
 n - 4 potions of brilliance
 o - 4 potions of might
 p - 4 potions of heal wounds
 t - 5 potions of lignification
 z - 8 potions of curing
 A - 3 potions of flight
 H - a potion of haste
Books
 x - a book of Fire

   Spells                             Type                      Level
   a - Ignite Poison                  Fire/Transmutation/Poison    3
   b - Fireball                       Conjuration/Fire             5
   c - Bolt of Fire                   Conjuration/Fire             6
   d - Delayed Fireball               Conjuration/Fire             7
   e - Ring of Flames                 Charms/Fire                  7
   Trog disapproves of the use of such an item.
Miscellaneous
 K - a lantern of shadows
Comestibles
 c - 9 bread rations
 i - 6 beef jerkies
 v - 3 fruits
 B - 10 slices of pizza
 Q - 8 chunks of flesh


   Skills:
 + Level 15.6 Fighting
 * Level 21.0 Axes
 + Level 15.5 Armour
 - Level 2.1 Dodging


You had 14 spell levels left.
You didn't know any spells.

Dungeon Overview and Level Annotations

Branches:
Dungeon (11/15)            Temple (0/1) D:7            Lair (8/8) D:11
 Shoals (0/4) Lair:3        Snake (0/4) Lair:6        Slime (0/6) Lair:7
    Orc (4/4) D:11            Elf (0/3) Orc:4

Altars:
Ashenzari
Dithmenos
Elyvilon
Makhleb
Okawaru
Trog
Vehumet
Xom
Yredelemnul
The Shining One
Beogh
Jiyva

Shops:
D:6 ((*}[   Orc:3 [**[%   Orc:4 =}

Portals:
Trove: D:10 (give 18 potions of curing)


Innate Abilities, Weirdness & Mutations

You reflexively headbutt those who attack you in melee.
You have a pair of horns on your head.
Your natural rate of healing is unusually fast.
You are covered in fur (AC +1).


Message History

You are electrocuted!
* * * LOW HITPOINT WARNING * * *
The orange demon stings you but does no damage.
The sun demon hits you but does no damage.
The orc priest hits you but does no damage.
The orc sorcerer hits you but does no damage.
The orange demon stings you but does no damage.
The sun demon hits you but does no damage.
The orc priest looks braver for a moment.
The orc sorcerer hits you but does no damage.
The orange demon stings you but does no damage.
The sun demon hits you!
* * * LOW HITPOINT WARNING * * *
You are engulfed in flames!!
* * * LOW HITPOINT WARNING * * *
The orc priest looks braver for a moment.
The orc sorcerer hits you but does no damage.
The orange demon stings you but does no damage.
The sun demon hits you!
You die...

####..## #....###
##....# ##.....#
##....## #.)...#
##......# ##...)..
#...#...# ##..#)[..
#.###..####...##...
##.####.##...###...
#)# ####..## ##..
#@# #.## ##...


#o3ooo# ##.# #.... #..oo34.# #####..#. ##.....## #.)### ##.).## ##.## ##### #.##
#)## ##.## #.>.# You could see a sun demon, an orange demon, a neqoxec, 2 orc
sorcerers, 3 orc priests and an orc.

Vanquished Creatures
  Rupert (Lair:5)
  A frost giant (IceCv)
  Maud (Orc:4)
  An orc warlord (Orc:3)
  A stone giant (Orc:4)
  Snorg (Orc:3)
  A minotaur (Lab)
  Harold (Lair:2)
  2 catoblepae
  4 hydras
  8 death yaks
  A deep troll shaman (Lair:8)
  An orc high priest (Orc:3)
  An unseen horror (D:10)
  2 hill giants (D:11)
  2 orc sorcerers
  4 orc knights
  A griffon (Lair:6)
  A cyclops (Orc:3)
  12 elephants
  6 black mambas
  9 spiny frogs
  2 ice statues
  2 sirens (Lair:3)
  7 komodo dragons
  A guardian mummy (D:10)
  The ghost of Sagrath01 the Conjurer, a novice GrWz (D:5)
  2 fire drakes
  16 polar bears
  2 merfolk (Lair:3)
  3 trolls
  2 boulder beetles (Lair:8)
  5 slime creatures (D:10)
  3 two-headed ogres
  14 blink frogs
  39 yaks
  A human (D:8)
  A spriggan (Lair:5)
  A wyvern (D:10)
  The ghost of youngkai the Chopper, an amateur MiBe of Trog (D:4)
  A hog (D:8)
  A deep elf fighter (D:11)
  A hungry ghost (Orc:3)
  4 wargs
  35 wolves
  A mottled dragon (D:11)
  A soldier ant (D:7)
  11 porcupines
  9 hippogriffs
  14 water moccasins
  23 orc warriors
  2 sky beasts
  4 black bears
  9 ice beasts
  A wasp (D:11)
  12 ogres
  14 crocodiles
  A necrophage (D:8)
  8 centaurs
  A big kobold (D:11)
  10 giant frogs
  5 scorpions
  A water moccasin skeleton (D:11)
  A wyvern skeleton (D:8)
  11 killer bees
  9 wights
  2 electric eels (Lair:3)
  A quasit (D:8)
  A wasp zombie (D:10)
  A crimson imp (D:8)
  3 giant frog zombies
  4 hounds
  6 centaur zombies
  15 orc priests
  3 jellies
  7 iguanas
  2 centaur skeletons
  A giant frog skeleton (D:9)
  13 orc wizards
  5 worker ants
  14 sheep
  A hound zombie (D:10)
  67 river rats
  A shadow imp (D:7)
  12 adders
  2 adder zombies (D:6)
  2 adder skeletons
  6 giant geckos
  118 orcs
  11 bats
  7 giant cockroaches
  6 goblins
  9 hobgoblins
  14 jackals
  2 ball pythons
  A giant gecko skeleton (D:5)
  3 giant newts
  6 kobolds
  14 rats
  5 fungi
  13 plants
733 creatures vanquished.

Vanquished Creatures (collateral kills)
  3 hydras
  A blink frog (Lair:1)
  3 polar bears (IceCv)
7 creatures vanquished.

Vanquished Creatures (others)
  3 polar bears (IceCv)
  3 yaks (IceCv)
  A centaur (Lair:8)
  An orc (Orc:4)
  14 fungi
  3 plants
25 creatures vanquished.

Grand Total: 765 creatures vanquished

Notes
Turn   | Place    | Note
--------------------------------------------------------------
     0 | D:1      | youngkai the Minotaur Berserker began the quest for the Orb.
     0 | D:1      | Reached XP level 1. HP: 19/19 MP: 0/0
   139 | D:1      | Reached skill level 4 in Axes
   317 | D:1      | Reached XP level 2. HP: 25/27 MP: 1/1
   828 | D:2      | Reached XP level 3. HP: 24/33 MP: 2/2
   919 | D:2      | Reached ** piety under Trog
  1000 | D:2      | Reached skill level 5 in Axes
  1409 | D:2      | Reached XP level 4. HP: 41/41 MP: 3/3
  1635 | D:2      | Found a glowing golden altar of the Shining One.
  1746 | D:2      | Found a white marble altar of Elyvilon.
  2301 | D:3      | Found a shimmering altar of Xom.
  2344 | D:3      | Reached XP level 5. HP: 24/47 MP: 4/4
  2457 | D:4      | Reached skill level 6 in Axes
  2473 | D:4      | Reached skill level 5 in Fighting
  2477 | D:4      | Reached XP level 6. HP: 31/56 MP: 5/5
  2488 | D:4      | Noticed youngkai's ghost (amateur MiBe)
  2496 | D:4      | Reached *** piety under Trog
  2513 | D:4      | Found a shattered altar of Ashenzari.
  2585 | D:4      | Killed youngkai's ghost
  2585 | D:4      | Reached skill level 7 in Axes
  2627 | D:4      | Reached XP level 7. HP: 43/61 MP: 6/6
  2877 | D:5      | Entered Level 5 of the Dungeon
  2912 | D:5      | Noticed Sagrath01's ghost (novice GrWz)
  2926 | D:5      | Killed Sagrath01's ghost
  2926 | D:5      | Reached skill level 8 in Axes
  2926 | D:5      | Reached skill level 5 in Armour
  2994 | D:5      | Found a basalt altar of Yredelemnul.
  3396 | D:5      | Got a dazzling plate armour
  3407 | D:5      | Identified the +5 plate armour "Atitt" {*Contam +Inv rC+ rN+++} (You found it on level 5 of the Dungeon)
  3465 | D:6      | Found Doleov's General Store.
  3480 | D:6      | Bought a scroll of identify for 22 gold pieces
  3480 | D:6      | Bought a +0 war axe of venom for 68 gold pieces
  3590 | D:6      | Found Ocrukhok's Weapon Shop.
  4032 | D:6      | Reached XP level 8. HP: 67/71 MP: 7/7
  4034 | D:6      | Found Dukk's Antique Weapon Boutique.
  4037 | D:6      | Bought a glowing broad axe for 72 gold pieces
  4138 | D:6      | Found a burning altar of Makhleb.
  4138 | D:6      | Noticed a blizzard demon
  4141 | D:6      | Noticed a ynoxinul
  4141 | D:6      | Noticed a smoke demon
  4264 | D:6      | Found Kiomiub's Antique Armour Emporium.
  4269 | D:6      | Bought a pair of faintly humming boots for 190 gold pieces
  4279 | D:6      | Identified the +0 pair of boots "Axkixkoa" {rC++ Dex+2 Slay+3} (You bought it in a shop on level 6 of the Dungeon)
  4341 | D:6      | Found Qanit's Gadget Boutique.
  4464 | D:7      | Reached skill level 9 in Axes
  4552 | D:7      | Found a staircase to the Ecumenical Temple.
  5044 | D:7      | Reached skill level 10 in Axes
  5122 | D:7      | Found a radiant altar of Vehumet.
  5125 | D:7      | Found a shadowy altar of Dithmenos.
  5324 | D:8      | Reached **** piety under Trog
  5326 | D:8      | Reached XP level 9. HP: 81/81 MP: 8/8
  5386 | D:8      | Reached skill level 11 in Axes
  5484 | D:8      | Noticed a two-headed ogre
  5488 | D:8      | Killed a two-headed ogre
  5985 | D:9      | Found a bloodstained altar of Trog.
  6105 | D:9      | Reached skill level 12 in Axes
  6250 | D:9      | Noticed an ice statue
  6644 | D:9      | Reached XP level 10. HP: 91/91 MP: 9/9
  6997 | D:9      | Killed an ice statue
  7030 | D:10     | Entered Level 10 of the Dungeon
  7113 | D:10     | Reached skill level 13 in Axes
  7121 | D:10     | Reached ***** piety under Trog
  7161 | D:10     | Reached skill level 10 in Fighting
  7288 | D:10     | Reached skill level 10 in Armour
  7379 | D:10     | Killed an unseen horror
  7379 | D:10     | Reached skill level 14 in Axes
  7497 | D:10     | Reached XP level 11. HP: 82/101 MP: 10/10
  7639 | D:10     | Found a portal to a secret trove of treasure.
  7872 | D:11     | Received a gift from Trog
  7963 | D:11     | Noticed a hill giant
  7972 | D:11     | Killed a hill giant
  8051 | D:11     | Found a staircase to the Orcish Mines.
  8059 | D:11     | Reached skill level 15 in Axes
  8212 | D:11     | Found a staircase to the Lair.
  8338 | D:11     | Noticed a hill giant
  8346 | D:11     | Killed a hill giant
  9042 | Lair:1   | Entered Level 1 of the Lair of Beasts
  9712 | Lair:2   | Reached skill level 16 in Axes
  9714 | Lair:2   | Reached XP level 12. HP: 100/112 MP: 11/11
  9715 | Lair:2   | Received a gift from Trog
  9736 | Lair:2   | Noticed a four-headed hydra
  9743 | Lair:2   | Killed a five-headed hydra
  9982 | Lair:2   | Noticed Harold
 10006 | Lair:2   | Killed Harold
 10792 | Lair:3   | Received a gift from Trog
 10863 | Lair:3   | Found a frozen archway.
 10874 | Lair:3   | Reached skill level 17 in Axes
 10883 | IceCv    | Entered an ice cave
 11529 | IceCv    | Reached ****** piety under Trog
 11659 | IceCv    | Reached XP level 13. HP: 63/122 MP: 4/12
 11929 | IceCv    | Noticed a frost giant
 11940 | IceCv    | Received a gift from Trog
 11943 | IceCv    | Killed a frost giant
 12226 | Lair:3   | Reached skill level 18 in Axes
 12453 | Lair:3   | Found a staircase to the Shoals.
 14206 | Lair:5   | Noticed Rupert
 14222 | Lair:5   | Killed Rupert
 14834 | Lair:6   | Found a staircase to the Snake Pit.
 14840 | Lair:6   | Reached skill level 19 in Axes
 14842 | Lair:6   | Received a gift from Trog
 14889 | Lair:6   | Gained mutation: Your natural rate of healing is unusually fast. [potion of beneficial mutation]
 14892 | Lair:6   | Gained mutation: You are covered in fur (AC +1). [potion of beneficial mutation]
 15458 | Lair:7   | Reached XP level 14. HP: 133/133 MP: 4/13
 15569 | Lair:7   | Found a labyrinth entrance.
 15571 | Lair:7   | Found a viscous altar of Jiyva.
 15572 | Lair:7   | Found a staircase to the Slime Pits.
 15588 | Lab      | Entered a labyrinth
 17740 | Lair:8   | Entered Level 8 of the Lair of Beasts
 17839 | Lair:8   | Received a gift from Trog
 18198 | Lair:8   | Reached skill level 20 in Axes
 18260 | Lair:8   | Reached skill level 15 in Fighting
 18655 | Lair:8   | Found an iron altar of Okawaru.
 19247 | Lair:7   | Reached skill level 15 in Armour
 19498 | Orc:1    | Entered Level 1 of the Orcish Mines
 19646 | Orc:2    | Received a gift from Trog
 19754 | Orc:3    | Found Ameexajo's General Store.
 19758 | Orc:3    | Found Kusaid's General Store.
 19808 | Orc:3    | Found Viawn's Antique Armour Shop.
 19813 | Orc:3    | Bought the +0 mask of the Dragon {MR+ Slay+3 SInv} for 935 gold pieces
 19819 | Orc:3    | Noticed Snorg
 19825 | Orc:3    | Killed Snorg
 19901 | Orc:3    | Bought 2 potions of curing for 72 gold pieces
 19901 | Orc:3    | Bought a potion of curing for 36 gold pieces
 19914 | Orc:3    | Found Wisypocre's Armour Emporium.
 20057 | Orc:3    | Found Ime Lyav's Food Emporium.
 20109 | Orc:3    | Noticed an orc warlord
 20123 | Orc:3    | Killed an orc warlord
 20326 | Orc:3    | Found a bloodstained altar of Trog.
 20477 | Orc:4    | Entered Level 4 of the Orcish Mines
 20571 | Orc:4    | Found a roughly hewn altar of Beogh.
 20661 | Orc:4    | Found Egon's Gadget Emporium.
 20684 | Orc:4    | Found Joat's Jewellery Shoppe.
 20699 | Orc:4    | Bought an uncursed ring of poison resistance for 280 gold pieces
 20760 | Orc:4    | Noticed Maud
 20769 | Orc:4    | Killed Maud
 20823 | Orc:4    | Reached skill level 21 in Axes
 20823 | Orc:4    | Reached XP level 15. HP: 121/141 MP: 4/14
 20837 | Orc:4    | Received a gift from Trog
 20912 | Orc:4    | Found a staircase to the Elven Halls.
 20961 | Orc:4    | Paralysed by an orc sorcerer for 7 turns
 20966 | Orc:4    | HP: 7/141 [sun demon[an orc sorcerer] (18)]
 20967 | Orc:4    | Mangled by a sun demon

Vault maps used:
D:1:      roderic_dead_forest, grunt_decor_arrowhead
D:2:      lemuel_doored_altar, nicolae_overflow_hidden_temple, minmay_cupped
D:3:      lemuel_crystal_altar
D:4:      kennysheep_mini, lemuel_old_faithful
D:5:      first_bread, yredelemnul_altar_generic
D:6:      serial_shops, shop, nicolae_shop_behind_doors, shop, shop,
          nicolae_shop_waterfront, minmay_statues_item,
          makhleb_altar_promises_db
D:7:      minitemple, kennysheep_generic_room_8
D:8:      grunt_livestock
D:9:      lemuel_ice_statue, old_standard_altar
D:10:     nicolae_trove_entry_path_of_doom, uniq_maurice
D:11:     grunt_lair_entry_elf_guard_hut, david_orc_1_choice, serial_glass,
          glass_columns_b, glass_columns_a, glass_columns_c, glass_columns_b,
          glass_columns_a, glass_columns_b, glass_columns_b, glass_columns_b,
          feat_on_display, spider_trap
Lair:2:   uniq_harold
Lair:3:   elwin_shoals_entry_stream, portal_ice_cave_entry_ice_beasts,
          grunt_megastairs_3, serial_bayou_shore_a
Lair:4:   st_stairs_6
Lair:5:   forest_entry_grove, uniq_rupert
Lair:6:   dummy_snake_entry
Lair:7:   slime_altar_1, lab_entry_generic
Lair:8:   grunt_lair_end_beastmaster, st_stairs_12, lemuel_centaur_altar
Orc:1:    basic_altar
Orc:3:    serial_shops, shop, shop, nicolae_shop_crystal,
          nicolae_shop_scaring_up_business, nicolae_shop_stone,
          nicolae_orc_pool_cavern, trog_butcher_becter, uniq_snorg
Orc:4:    pubby_orc_utopia, uniq_saint_roka, uniq_maud
IceCv:    ice_cave_caverns_02

Action                   |  1- 3 |  4- 6 |  7- 9 | 10-12 | 13-15 || total
-------------------------+-------+-------+-------+-------+-------++-------
Melee: Hand axe          |    68 |   116 |    20 |       |       ||   204
       War axe           |       |       |    29 |       |       ||    29
       Broad axe         |       |       |   168 |    26 |       ||   194
       Battleaxe         |       |       |       |   339 |       ||   339
       Executioner's axe |       |       |       |   139 |   628 ||   767
Throw: Throwing net      |       |       |       |       |     1 ||     1
Invok: Berserk           |       |     2 |     1 |     1 |    10 ||    14
       Trog's Hand       |       |       |     1 |     1 |     2 ||     4
       Burn Spellbooks   |       |       |       |     2 |     4 ||     6
       Brothers in Arms  |       |       |       |     1 |     6 ||     7
Evoke: Wand              |       |       |       |       |    11 ||    11
  Use: Potion            |     1 |       |     3 |     4 |     3 ||    11
       Scroll            |       |     3 |    10 |    12 |     7 ||    32
 Stab: Sleeping          |     1 |       |       |       |       ||     1
       Petrifying        |       |       |       |       |     1 ||     1
       Petrified         |       |       |       |       |     1 ||     1
  Eat: Chunk             |     1 |     7 |     6 |    12 |    34 ||    60
       Meat ration       |       |       |     2 |       |     1 ||     3
       Bread ration      |       |       |     1 |       |     1 ||     2
       Fruit             |       |       |       |       |     1 ||     1
